TOP OF THE 1ST |
Niagara Falls Frenzy batting - Pitching for So Cal Henvy : RHP Juan González
|
Pitching: RHP Juan González
|
|
Batting: RHB Jorge Cora
|
0-0: Called Strike 0-1: Foul Ball, location: 2F 0-2: Ball 1-2: Ball 2-2: Foul Ball, location: 2F 2-2: Fly out, F9 (Flyball, 89M)
|
Batting: RHB Zander Tremblett
|
0-0: Ball 1-0: Swinging Strike 1-1: Swinging Strike 1-2: Strikes out swinging
|
Batting: LHB Clyde Yarbrough
|
0-0: Foul Ball, location: 2F 0-1: Ball 1-1: Swinging Strike 1-2: Ball 2-2: SINGLE (Flyball, 8RS)
|
Batting: SHB Martín De Jesús
|
0-0: Called Strike 0-1: Ball Clyde Yarbrough steals 2nd base 1-1: Ball 2-1: Reached on error, E9 (Flyball, 89D) Clyde Yarbrough scores
|
Batting: RHB Ángel Hinojosa
|
0-0: Ball 1-0: Foul Ball, location: 2F 1-1: Called Strike 1-2: Ground out 5-3 (Groundball, 56)
|
Top of the 1st over - 1 run(s), 1 hit(s), 1 error(s), 1 left on base; Niagara Falls 1 - So Cal 0 |
BOTTOM OF THE 1ST |
So Cal Henvy batting - Pitching for Niagara Falls Frenzy : RHP George Nelson
|
Pitching: RHP George Nelson
|
|
Batting: RHB Greg Handrahan
|
0-0: Ball 1-0: Called Strike 1-1: Called Strike 1-2: Ball 2-2: SINGLE (Line Drive, 6D)
|
Batting: RHB William Richardson
|
0-0: Foul Ball, location: 2F 0-1: Ball 1-1: Ball 2-1: Called Strike 2-2: Fly out, F9 (Flyball, 89M)
|
Batting: LHB César Valentín
|
0-0: DOUBLE (Line Drive, 7LD) Greg Handrahan to third
|
Batting: RHB Earl Wiggins
|
0-0: Ball 1-0: Ball 2-0: Ground out 5-3 (Groundball, 5S)
|
Batting: LHB José Antonio Santiago
|
0-0: Called Strike 0-1: Ball 1-1: Ball 2-1: Ball 3-1: Base on Balls
|
Batting: RHB Rubén Calderón
|
0-0: Ball 1-0: Ball 2-0: GRAND SLAM HOME RUN (Flyball, 8LXD), Distance : 416 ft
|
Batting: RHB Júlio Caraballo
|
0-0: Ball 1-0: Ball 2-0: Called Strike 2-1: Ball 3-1: Base on Balls
|
Batting: RHB Lawrence Schroeder
|
0-0: Foul Ball, location: 2F 0-1: Foul Ball, location: 2F 0-2: Ball 1-2: Ball 2-2: Strikes out swinging
|
Bottom of the 1st over - 4 run(s), 3 hit(s), 0 error(s), 1 left on base; Niagara Falls 1 - So Cal 4 |
TOP OF THE 2ND |
Niagara Falls Frenzy batting - Pitching for So Cal Henvy : RHP Juan González
|
Batting: LHB Bill Hall
|
0-0: Called Strike 0-1: Ball 1-1: SINGLE (Flyball, 89S)
|
Batting: RHB Tomás Estrada
|
0-0: Ball 1-0: Ground out 5-3 (Groundball, 56S) Bill Hall to second
|
Batting: SHB Dave MacThomas
|
0-0: Called Strike 0-1: Swinging Strike 0-2: Strikes out swinging
|
Batting: RHB Jung-ha Kim
|
0-0: Called Strike 0-1: Ball 1-1: Foul Ball, location: 2F 1-2: Strikes out looking
|
Top of the 2nd over - 0 run(s), 1 hit(s), 0 error(s), 1 left on base; Niagara Falls 1 - So Cal 4 |
BOTTOM OF THE 2ND |
So Cal Henvy batting - Pitching for Niagara Falls Frenzy : RHP George Nelson
|
Batting: LHB Doyle Otterburn
|
0-0: Foul Ball, location: 2F 0-1: SINGLE (Flyball, 7LS)
|
Batting: RHB Greg Handrahan
|
0-0: Fly out, F8 (Flyball, 8LD)
|
Batting: RHB William Richardson
|
0-0: Ball 1-0: Ball 2-0: Ball 3-0: Called Strike 3-1: Foul Ball, location: 2F 3-2: Foul Ball, location: 2F 3-2: Fielders Choice at 2nd, 6-4 (Groundball, 6)
|
Batting: LHB César Valentín
|
0-0: Ball 1-0: Foul Ball, location: 2F 1-1: Ball 2-1: Called Strike 2-2: Ground out 4-3 (Groundball, 4)
|
Bottom of the 2nd over - 0 run(s), 1 hit(s), 0 error(s), 1 left on base; Niagara Falls 1 - So Cal 4 |
TOP OF THE 3RD |
Niagara Falls Frenzy batting - Pitching for So Cal Henvy : RHP Juan González
|
Batting: RHB Jorge Cora
|
0-0: SOLO HOME RUN (Flyball, 7D), Distance : 349 ft
|
Batting: RHB Zander Tremblett
|
0-0: Called Strike 0-1: Swinging Strike 0-2: Foul Ball, location: 2F 0-2: Strikes out looking
|
Batting: LHB Clyde Yarbrough
|
0-0: Ball 1-0: Ball 2-0: Called Strike 2-1: Foul Ball, location: 2F 2-2: Foul Ball, location: 2F 2-2: SINGLE (Flyball, 78M)
|
Batting: SHB Martín De Jesús
|
0-0: Ball 1-0: Ball 2-0: Ground out 2-3 (Groundball, 15S) Clyde Yarbrough to second
|
Batting: RHB Ángel Hinojosa
|
0-0: Called Strike 0-1: Foul Ball, location: 2F 0-2: Ball 1-2: Ball 2-2: Ball 3-2: Foul Ball, location: 2F 3-2: Fly out, F8 (Flyball, 8LM)
|
Top of the 3rd over - 1 run(s), 2 hit(s), 0 error(s), 1 left on base; Niagara Falls 2 - So Cal 4 |
BOTTOM OF THE 3RD |
So Cal Henvy batting - Pitching for Niagara Falls Frenzy : RHP George Nelson
|
Batting: RHB Earl Wiggins
|
0-0: Ball 1-0: SINGLE (Line Drive, 9S)
|
Batting: LHB José Antonio Santiago
|
0-0: Called Strike 0-1: Called Strike 0-2: Ball 1-2: Fielders Choice at 2nd, 4-6 (Groundball, 4)
|
Batting: RHB Rubén Calderón
|
0-0: Ball 1-0: Foul Ball, location: 2F 1-1: Called Strike José Antonio Santiago steals 2nd base 1-2: SINGLE (Groundball, 6MD) José Antonio Santiago to third Runner from 3rd tries for Home, throw and OUT! Rubén Calderón to second
|
Batting: RHB Júlio Caraballo
|
0-0: Ball 1-0: Called Strike 1-1: Ball 2-1: Fly out, F2 (Popup, 2L)
|
Bottom of the 3rd over - 0 run(s), 2 hit(s), 0 error(s), 1 left on base; Niagara Falls 2 - So Cal 4 |
TOP OF THE 4TH |
Niagara Falls Frenzy batting - Pitching for So Cal Henvy : RHP Juan González
|
Batting: LHB Bill Hall
|
0-0: Ball 1-0: Called Strike 1-1: Ball 2-1: Ball 3-1: Base on Balls
|
Batting: RHB Tomás Estrada
|
0-0: Swinging Strike 0-1: Ball 1-1: Ball 2-1: Ball 3-1: Fly out, F8 (Line Drive, 78M)
|
Batting: SHB Dave MacThomas
|
0-0: Ground out 4-3 (Groundball, 34D) Bill Hall to second
|
Batting: RHB Jung-ha Kim
|
0-0: Called Strike 0-1: Ball 1-1: Fly out, F4 (Line Drive, 4M)
|
Top of the 4th over - 0 run(s), 0 hit(s), 0 error(s), 1 left on base; Niagara Falls 2 - So Cal 4 |
BOTTOM OF THE 4TH |
So Cal Henvy batting - Pitching for Niagara Falls Frenzy : RHP George Nelson
|
Batting: RHB Lawrence Schroeder
|
0-0: Called Strike 0-1: Ball 1-1: Ball 2-1: Called Strike 2-2: Ball 3-2: SINGLE (Groundball, 34D)
|
Batting: LHB Doyle Otterburn
|
0-0: Fielders Choice at 2nd, 4-6 (Groundball, 4)
|
Batting: RHB Greg Handrahan
|
0-0: Ball 1-0: Called Strike 1-1: Ball 2-1: 2-RUN HOME RUN (Flyball, 7D), Distance : 371 ft
|
Pitching: RHP Nathan Thornton
|
|
Batting: RHB William Richardson
|
0-0: Foul Ball, location: 2F 0-1: Ball 1-1: Foul Ball, location: 2F 1-2: Ball 2-2: Ball 3-2: Ground out 6-3 (Groundball, 56)
|
Batting: LHB César Valentín
|
0-0: Fly out, F8 (Flyball, 8LD)
|
Bottom of the 4th over - 2 run(s), 2 hit(s), 0 error(s), 0 left on base; Niagara Falls 2 - So Cal 6 |
TOP OF THE 5TH |
Niagara Falls Frenzy batting - Pitching for So Cal Henvy : RHP Juan González
|
Batting: RHB Jorge Cora
|
0-0: Foul Ball, location: 2F 0-1: Foul Ball, location: 2F 0-2: Ball 1-2: Ball 2-2: Ground out 6-3 (Groundball, 6)
|
Batting: RHB Zander Tremblett
|
0-0: Ball 1-0: Ball 2-0: Called Strike 2-1: Ball 3-1: Base on Balls
|
Batting: LHB Clyde Yarbrough
|
0-0: Ball 1-0: Foul Ball, location: 2F 1-1: Foul Ball, location: 2F 1-2: Ball 2-2: Ball 3-2: SINGLE (Flyball, 9LS) Zander Tremblett to second Runner from 2nd tries for 3rd, OUT!
|
Batting: SHB Martín De Jesús
|
0-0: Ball 1-0: Called Strike 1-1: Ball 2-1: Ground out 1-3 (Groundball, 13S)
|
Top of the 5th over - 0 run(s), 1 hit(s), 0 error(s), 1 left on base; Niagara Falls 2 - So Cal 6 |
BOTTOM OF THE 5TH |
So Cal Henvy batting - Pitching for Niagara Falls Frenzy : RHP Nathan Thornton
|
Batting: RHB Earl Wiggins
|
0-0: Called Strike 0-1: Foul Ball, location: 2F 0-2: Foul Ball, location: 2F 0-2: Ball 1-2: Fly out, F9 (Flyball, 89D)
|
Batting: LHB José Antonio Santiago
|
0-0: Called Strike 0-1: Ball 1-1: Swinging Strike 1-2: SINGLE (Flyball, 8RS)
|
Batting: RHB Rubén Calderón
|
0-0: Ball 1-0: Called Strike 1-1: Ball 2-1: Foul Ball, location: 2F 2-2: SINGLE (Groundball, 6) (infield hit) José Antonio Santiago to second
|
Batting: RHB Júlio Caraballo
|
0-0: Ball 1-0: Called Strike 1-1: SINGLE (Line Drive, 4MD) José Antonio Santiago to third Rubén Calderón to second
|
Batting: RHB Lawrence Schroeder
|
0-0: Ball 1-0: Foul Ball, location: 2F 1-1: Called Strike 1-2: Ball 2-2: Ball 3-2: Foul Ball, location: 2F 3-2: Base on Balls José Antonio Santiago scores Rubén Calderón to third Júlio Caraballo to second
|
Batting: LHB Doyle Otterburn
|
0-0: Ball 1-0: Swinging Strike 1-1: Grounds into fielders choice 1-2 (Groundball, P) Júlio Caraballo to third Lawrence Schroeder to second
|
Batting: RHB Greg Handrahan
|
0-0: Ball 1-0: Ball 2-0: Called Strike 2-1: Swinging Strike 2-2: Ball 3-2: Base on Balls Júlio Caraballo scores Lawrence Schroeder to third Doyle Otterburn to second
|
Batting: RHB William Richardson
|
0-0: Ball 1-0: Ball 2-0: Ball 3-0: Base on Balls Lawrence Schroeder scores Doyle Otterburn to third Greg Handrahan to second
|
Pitching: RHP Ángel Francisco
|
|
Batting: LHB César Valentín
|
0-0: Ball 1-0: Ball 2-0: Fly out, F8 (Flyball, 8RM)
|
Bottom of the 5th over - 3 run(s), 3 hit(s), 0 error(s), 3 left on base; Niagara Falls 2 - So Cal 9 |
TOP OF THE 6TH |
Niagara Falls Frenzy batting - Pitching for So Cal Henvy : RHP Juan González
|
Batting: RHB Ángel Hinojosa
|
0-0: Ball 1-0: Ball 2-0: Foul Ball, location: 2F 2-1: Foul Ball, location: 2F 2-2: Ball 3-2: Foul Ball, location: 2F 3-2: Base on Balls
|
Pitching: RHP Jesse Green
|
|
Batting: LHB Bill Hall
|
0-0: Ball 1-0: Ball 2-0: SINGLE (Groundball, 4S) (infield hit) Ángel Hinojosa to second
|
Batting: RHB Tomás Estrada
|
0-0: Fly out, F7 (Line Drive, 7S)
|
Batting: SHB Dave MacThomas
|
0-0: Ball 1-0: Foul Ball, location: 2F 1-1: Ball 2-1: Called Strike 2-2: Ball 3-2: Foul Ball, location: 2F 3-2: Foul Ball, location: 2F 3-2: Strikes out swinging
|
Batting: RHB Jung-ha Kim
|
0-0: Called Strike 0-1: Called Strike 0-2: Foul Ball, location: 2F 0-2: Ball 1-2: Ball 2-2: Ball 3-2: Strikes out swinging
|
Top of the 6th over - 0 run(s), 1 hit(s), 0 error(s), 2 left on base; Niagara Falls 2 - So Cal 9 |
BOTTOM OF THE 6TH |
So Cal Henvy batting - Pitching for Niagara Falls Frenzy : RHP Ángel Francisco
|
Batting: RHB Earl Wiggins
|
0-0: Foul Ball, location: 2F 0-1: Ball 1-1: Ball 2-1: Ball 3-1: Foul Ball, location: 2F 3-2: Strikes out swinging
|
Batting: LHB José Antonio Santiago
|
0-0: Ball 1-0: Fly out, F3 (Line Drive, 34S)
|
Batting: RHB Rubén Calderón
|
0-0: Ball 1-0: Ball 2-0: Foul Ball, location: 2F 2-1: Ground out 6-3 (Groundball, 56)
|
Bottom of the 6th over - 0 run(s), 0 hit(s), 0 error(s), 0 left on base; Niagara Falls 2 - So Cal 9 |
TOP OF THE 7TH |
Niagara Falls Frenzy batting - Pitching for So Cal Henvy : RHP Jesse Green
|
Batting: RHB Jorge Cora
|
0-0: Fly out, F7 (Flyball, 7)
|
Batting: RHB Zander Tremblett
|
0-0: Ball 1-0: Ball 2-0: Ball 3-0: Base on Balls
|
Batting: LHB Clyde Yarbrough
|
0-0: Ball 1-0: Called Strike 1-1: Foul Ball, location: 2F 1-2: Grounds into double play, 3-6-3 (Groundball, 3)
|
Top of the 7th over - 0 run(s), 0 hit(s), 0 error(s), 0 left on base; Niagara Falls 2 - So Cal 9 |
BOTTOM OF THE 7TH |
So Cal Henvy batting - Pitching for Niagara Falls Frenzy : RHP Ángel Francisco
|
Batting: RHB Júlio Caraballo
|
0-0: Called Strike 0-1: DOUBLE (Line Drive, 5D)
|
Batting: RHB Lawrence Schroeder
|
0-0: Called Strike 0-1: Fly out, F8 (Flyball, 8RXD) Runner from 2nd tags up, SAFE at 3rd, no throw
|
Batting: LHB Doyle Otterburn
|
0-0: Ball 1-0: SINGLE (Groundball, 4MD) Júlio Caraballo scores
|
Batting: RHB Greg Handrahan
|
0-0: Swinging Strike 0-1: Foul Ball, location: 2F 0-2: Ball 1-2: Strikes out swinging
|
Batting: RHB William Richardson
|
0-0: Swinging Strike 0-1: Ball 1-1: Ball 2-1: 2-RUN HOME RUN (Flyball, 89XD), Distance : 399 ft
|
Pitching: RHP Alonso Jiménez
|
|
Batting: LHB César Valentín
|
0-0: Called Strike 0-1: Foul Ball, location: 2F 0-2: Ball 1-2: Fly out, F7 (Line Drive, 78M)
|
Bottom of the 7th over - 3 run(s), 3 hit(s), 0 error(s), 0 left on base; Niagara Falls 2 - So Cal 12 |
TOP OF THE 8TH |
Niagara Falls Frenzy batting - Pitching for So Cal Henvy : RHP Jesse Green
|
Batting: SHB Martín De Jesús
|
0-0: Ball 1-0: Ball 2-0: Called Strike 2-1: Foul Ball, location: 2F 2-2: Foul Ball, location: 2F 2-2: Ball 3-2: Foul Ball, location: 2F 3-2: Ground out 6-3 (Groundball, 6)
|
Pinch Hitting: RHB Cordell Gibson
|
0-0: Ball 1-0: Foul Ball, location: 2F 1-1: Called Strike 1-2: Ball 2-2: Ground out 1-3 (Groundball, P)
|
Batting: LHB Bill Hall
|
0-0: Ground out 3-1 (Groundball, 34S)
|
Top of the 8th over - 0 run(s), 0 hit(s), 0 error(s), 0 left on base; Niagara Falls 2 - So Cal 12 |
BOTTOM OF THE 8TH |
So Cal Henvy batting - Pitching for Niagara Falls Frenzy : RHP Alonso Jiménez
|
Now at SS: Ramiro Gámez
|
|
Batting: RHB Earl Wiggins
|
0-0: Ball 1-0: Ball 2-0: SINGLE (Groundball, 56D)
|
Batting: LHB José Antonio Santiago
|
0-0: Called Strike 0-1: Ball 1-1: Ball 2-1: Called Strike 2-2: SINGLE (Line Drive, 3) Earl Wiggins to second
|
Batting: RHB Rubén Calderón
|
0-0: Ball 1-0: Ball 2-0: Foul Ball, location: 2F 2-1: Foul Ball, location: 2F 2-2: 3-RUN HOME RUN (Flyball, 7LD), Distance : 445 ft
|
Pitching: RHP Mark Head
|
|
Batting: RHB Júlio Caraballo
|
0-0: Called Strike 0-1: Ball 1-1: Fly out, F5 (Line Drive, 56)
|
Batting: RHB Lawrence Schroeder
|
0-0: Called Strike 0-1: Foul Ball, location: 2F 0-2: Ball 1-2: Strikes out swinging
|
Batting: LHB Doyle Otterburn
|
0-0: Called Strike 0-1: Ground out 3-1 (Groundball, 34S)
|
Bottom of the 8th over - 3 run(s), 3 hit(s), 0 error(s), 0 left on base; Niagara Falls 2 - So Cal 15 |
TOP OF THE 9TH |
Niagara Falls Frenzy batting - Pitching for So Cal Henvy : RHP Jesse Green
|
Now at 1B: Miguel González
|
|
Batting: RHB Tomás Estrada
|
0-0: Ball 1-0: Foul Ball, location: 2F 1-1: Swinging Strike 1-2: Fly out, F3 (Line Drive, 3)
|
Batting: SHB Dave MacThomas
|
0-0: Foul Ball, location: 2F 0-1: Called Strike 0-2: Foul Ball, location: 2F 0-2: Ball 1-2: Foul Ball, location: 2F 1-2: Ball 2-2: Foul Ball, location: 2F 2-2: Strikes out looking
|
Batting: RHB Jung-ha Kim
|
0-0: Called Strike 0-1: Foul Ball, location: 2F 0-2: Strikes out swinging
|
Top of the 9th over - 0 run(s), 0 hit(s), 0 error(s), 0 left on base; Niagara Falls 2 - So Cal 15 |
|